 Dungeon Crawl Stone Soup version 0.16.1-4-g8e1b745 (console) character file.

104 gw the Ducker (level 4, -1/27 HPs)
             Began as a Deep Elf Artificer on Mar 27, 2015.
             Slain by a gnoll
             ... wielding a +0 halberd
              (8 damage)
             ... on level 3 of the Dungeon.
             The game lasted 00:03:43 (3852 turns).

gw the Ducker (Deep Elf Artificer)                  Turns: 3852, Time: 00:03:43

Health: -1/27      AC:  9    Str:  8    XL:     4   Next: 52%
Magic:  10/10      EV: 13    Int: 17    God:
Gold:   93         SH:  0    Dex: 16    Spells: 0 memorised, 3 levels left

rFire  . . .     SeeInvis +     a - +1 short sword
rCold  . . .     Clarity  .     e - +0 leather armour
rNeg   . . .     SustAb   .     (no shield)
rPois  .         Gourm    .     o - +2 hat
rElec  .         Spirit   .     w - +0 cloak
rCorr  .         Warding  .     (no gloves)
rMut   .         Stasis   .     q - +2 pair of boots
MR     .....                    (no amulet)
Stlth  ++........               (no ring)
                                g - ring of see invisible

@: not resistant to hostile enchantments, unstealthy
A: no striking features
a: no special abilities


You were on level 3 of the Dungeon.
You were not hungry.

You visited 1 branch of the dungeon, and saw 3 of its levels.

You collected 93 gold pieces.

Inventory:

Hand weapons
 a - a +1 short sword (weapon)
Missiles
 p - 67 arrows
Armour
 e - a +0 leather armour (worn)
 o - a +2 hat (worn)
 q - a +2 pair of boots (worn)
 w - a +0 cloak (worn)
Jewellery
 g - a ring of see invisible (left hand)
Magical devices
 b - a wand of flame (10)
 c - a wand of enslavement (15)
 d - a wand of random effects (10)
Scrolls
 l - a scroll of magic mapping {unknown}
 v - 2 scrolls of identify
Potions
 f - a potion of degeneration {unknown}
 n - a potion of resistance
Comestibles
 h - a slice of pizza
 i - a bread ration
 j - 3 fruits
 k - 2 meat rations


   Skills:
 + Level 2.6 Fighting
 - Level 1.0 Short Blades
 + Level 4.3 Dodging
 - Level 1.2 Stealth
 - Level 3.2 Evocations


You had 3 spell levels left.
You didn't know any spells.

Dungeon Overview and Level Annotations

Branches:
Dungeon (3/15)

Altars:
Dithmenos

Annotations:
D:3 gw's ghost, average TeAM


Message History

The gnoll barely misses you. The goblin hits you.
The goblin closely misses you. The giant cockroach barely misses you.
The gnoll closely misses you.
Unknown command.
Unknown command.
Unknown command.
Unknown command.
ATTACK MOVE TO (-1,1)
You hit the gnoll.
The gnoll is severely wounded.
The gnoll hits you with a flail. The goblin hits you but does no damage.
The goblin hits you with a dagger. The giant cockroach closely misses you.
Unknown command.
Unknown command.
Unknown command.
Unknown command.
ATTACK MOVE TO (-1,1)
You hit the gnoll.
The gnoll is severely wounded.
The gnoll hits you with a halberd!
You die...

### ##.######.. ###
##...#.....# #.. ..
##..s...# ..###.. #.
#..egg..###..#..###.
#.ggg....##.....##..
##..w................
#.......##.........##
##.....####..._...###
#.....(##.........##
#.........%.........
#.##.##.g##.....##..
#. #. #w###..#..###.


You could see a worm, 3 gnolls, a giant cockroach and 2 goblins.

Table legend:
 A = Turns spent in this place as a percentage of turns spent in the entire game.
 B = Non-inter-level travel turns spent in this place as a percentage of non-inter-level travel turns spent in the entire game.
 C = Inter-level travel turns spent in this place as a percentage of turns spent in this place.
 D = Turns resting spent in this place as a percentage of non-inter-level travel turns spent in this place.
 E = Turns spent auto-exploring this place as a percentage of non-inter-level travel turns spent in this place.
 F = Non-inter-level travel turns spent in this place divided by the number of levels of this place that you've seen.
                   A       B       C       D       E      F
               +-------+-------+-------+-------+-------+----------------------
         Total | 100.0 | 100.0 |   0.4 |   1.4 |   2.1 | 1643.0
       Dungeon | 100.0 | 100.0 |   0.4 |   1.4 |   2.1 | 1643.0
               +-------+-------+-------+-------+-------+----------------------

Table legend:
 A = Kills in this place as a percentage of kills in entire the game.
 B = Kills by you in this place as a percentage of kills by you in the entire game.
 C = Kills by friends in this place as a percentage of kills by friends in the entire game.
 D = Other kills in this place as a percentage of other kills in the entire game.
 E = Experience gained in this place as a percentage of experience gained in the entire game.
 F = Experience gained in this place divided by the number of levels of this place that you have seen.
                   A       B       C       D       E      F
               +-------+-------+-------+-------+-------+----------------------
         Total | 100.0 | 100.0 |  -nan |  -nan | 100.0 |  49.7
       Dungeon | 100.0 | 100.0 |  -nan |  -nan | 100.0 |  49.7
               +-------+-------+-------+-------+-------+----------------------

Vanquished Creatures
  2 adders
  A giant mite (D:2)
  A giant gecko (D:2)
  An ooze (D:1)
  11 orcs (D:3)
  6 bats
  2 giant cockroaches (D:1)
  8 goblins
  14 hobgoblins
  2 jackals (D:1)
  5 kobolds
  A giant newt (D:3)
  8 rats
62 creatures vanquished.

Notes
Turn   | Place    | Note
--------------------------------------------------------------
     0 | D:1      | gw, the Deep Elf Artificer, began the quest for the Orb.
     0 | D:1      | Reached XP level 1. HP: 11/11 MP: 2/2
   171 | D:1      | Reached skill level 1 in Fighting
   327 | D:1      | Reached XP level 2. HP: 14/16 MP: 5/5
  1736 | D:2      | Reached XP level 3. HP: 16/21 MP: 7/7
  3042 | D:2      | Reached XP level 4. HP: 27/27 MP: 10/10
  3266 | D:3      | Reached skill level 4 in Dodging
  3270 | D:3      | HP: 1/27 [worm (9)]
  3656 | D:3      | Noticed gw's ghost (average TeAM)
  3803 | D:3      | Found a shadowy altar of Dithmenos.
  3852 | D:3      | Slain by a gnoll

Action                   |  1- 3 |  4- 6 || total
-------------------------+-------+-------++-------
Melee: Short sword       |   173 |    75 ||   248
Evoke: Wand              |     5 |     5 ||    10
  Use: Scroll            |     3 |     6 ||     9
       Potion            |     2 |     3 ||     5
 Stab: Sleeping          |     3 |       ||     3
  Eat: Chunk             |     2 |       ||     2
       Bread ration      |     1 |     1 ||     2

Vault maps used:
D:1:      dpeg_arrival_round_c, hangedman_decor_slide_cut
D:2:      wad_river_or_something
D:3:      nicolae_dithmenos_shadow_blocks, lemuel_crystal_altar, first_bread,
          hangedman_feature_mirror
